 Dungeon Crawl Stone Soup version 0.28-a0-957-g42eb19b844 (webtiles) character file.

Game seed: 8432141531803301345

31 ytrimaz the Covered (level 3, -1/30 HPs)
             Began as a Formicid Fighter on Nov 30, 2021.
             Killed by nerve-wracking pain
             ... invoked by Jessica
              (10 damage)
             ... on level 2 of the Dungeon.
             The game lasted 00:01:30 (1081 turns).

ytrimaz the Covered (Formicid Fighter)              Turns: 1081, Time: 00:01:30

Health: -1/30      AC:  8    Str: 22    XL:     3   Next: 40%
Magic:  3/3        EV:  9    Int:  7    God:
Gold:   43         SH:  4    Dex: 10    Spells: 2/2 levels left

rFire   . . .      SeeInvis +   a - +0 war axe
rCold   . . .      Faith    .   c - +0 buckler
rNeg    . . .      Spirit   .   b - +1 scale mail
rPois   .          Reflect  .   (helmet unavailable)
rElec   .          Harm     .   (no cloak)
rCorr   .          Rampage  .   (no gloves)
Will    .....                   (no boots)
Stlth   ..........              (no amulet)
HPRegen 0.10/turn               e - ring of flight
MPRegen 0.08/turn               (no ring)

@: flying
A: permanent stasis, dig shafts and tunnels, antennae 3, four strong arms
a: Dig, Shaft Self


You were on level 2 of the Dungeon.
You visited 1 branch of the dungeon, and saw 2 of its levels.

You collected 43 gold pieces.

Inventory:

Hand Weapons
 a - a +0 war axe (weapon)
Armour
 b - a +1 scale mail (worn)
 c - a +0 buckler (worn)
Jewellery
 e - a ring of flight (left hand)
Scrolls
 g - a scroll of fear
Potions
 d - a potion of might


   Skills:
 * Level 3.9 Fighting
 + Level 2.2 Axes
 * Level 4.0 Armour
 - Level 3.6 Shields


You had 2 spell levels left.
You didn't know any spells.
Your spell library was empty.

Dungeon Overview and Level Annotations

Branches:
Dungeon (2/15)

Altars:

Annotations:
D:2 Jessica


Innate Abilities, Weirdness & Mutations

You cannot be hasted, slowed, berserked, paralysed or teleported.
You can dig through walls and to a lower floor.
You have a pair of large antennae on your head. (SInv)
Your four strong arms can wield two-handed weapons with a shield.


Message History

A ball python comes into view.
The ball python hisses angrily.
You hear a shout!
A kobold comes into view. It is wielding a +0 short sword.
Found 16 stones and an encrusted ruby ring.
The kobold shouts!
You hear a shout!
You hit the ball python.
You kill the ball python!
Jessica the Apprentice Sorceress comes into view.
She is wielding a +8 club.
Jessica mumbles some strange words.
Jessica blinks!
Found a stone staircase leading down.
A quokka comes into view.
The kobold barely misses you. You block the kobold's attack.
Jessica points at you and mumbles some strange words.
You resist with some effort.
Unknown command.
You hit the kobold.
You kill the kobold!
Jessica mumbles something strange.
You block the quokka's attack. The quokka barely misses you.
You barely miss Jessica. You hit the quokka. Jessica hits you with a +8 club.
The quokka bites you but does no damage.
Jessica gestures at you while chanting. Pain shoots through your body!
You closely miss Jessica. You hit the quokka.
The quokka bites you but does no damage.
Jessica hits you with a +8 club. The quokka bites you.
You hit Jessica.
Jessica is moderately wounded.
You closely miss the quokka. Jessica hits you with a +8 club.
* * * LOW HITPOINT WARNING * * *
The quokka barely misses you. The quokka closely misses you.
Jessica barely misses you.
You barely miss Jessica.
Jessica is moderately wounded.
You closely miss the quokka. The quokka barely misses you.
Jessica gestures at you while chanting. Pain shoots through your body!
You die...

....#......>#
............#
..........#
###.........# #
....#.......##..
#...........=...
............######
....#.r).....(...#
......@@..........
.....####..######
....(.......####
...............#
..##.#......####
.. # #......##
#.......##
###........#
#.......##.#


You could see Jessica and a quokka.

Vanquished Creatures
  A worm (D:2)
  3 bats
  6 endoplasms (D:1)
  3 giant cockroaches (D:1)
  2 goblins (D:1)
  A hobgoblin (D:1)
  4 ball pythons
  A frilled lizard (D:1)
  2 kobolds (D:2)
  3 rats
26 creatures vanquished.

Notes
Turn   | Place    | Note
-------+----------+-------------------------------------------
     0 | D:1      | ytrimaz the Formicid Fighter began the quest for the Orb.
     0 | D:1      | Reached XP level 1. HP: 18/18 MP: 1/1
   271 | D:1      | Reached XP level 2. HP: 23/24 MP: 2/2
   717 | D:1      | Reached XP level 3. HP: 28/30 MP: 3/3
   997 | D:2      | Reached skill level 4 in Armour
  1071 | D:2      | Noticed Jessica
  1081 | D:2      | Killed from afar by Jessica

Illustrated notes

Levels and vault maps discovered:
D:1:      dpeg_arrival_simpleton_a, layout_loops_ring, grunt_decor_mini_mirrors
D:2:      layout_rooms, basic_ecumenical_altar, uniq_jessica

Skill      XL: |  1  2  3 |
---------------+----------+-----
Armour         | 4 |  4.0
Fighting       | |  3.9
Axes           | |  2.2
Shields        | |  3.6

Action                   || total
-------------------------++-------
Melee: War axe           ||    61
  Use: Scroll            ||     3
Armor: Scale mail        ||    46
Dodge: Dodged            ||    41
Block: Buckler           ||    18

Table legend: (Time is in decaauts)
 A = Elapsed time spent in this place.
 B = Non-inter-level travel time spent in this place.
 C = Inter-level travel time spent in this place.
 D = Time resting spent in this place.
 E = Time spent auto-exploring this place.
 F = Levels seen in this place.
 G = Mean time per level.
                   A        B        C        D        E       F      G
               +--------+--------+--------+--------+--------+-----+--------+
         Total |   1104 |   1083 |     21 |     48 |    843 |   2 |  552.0 |
       Dungeon |   1104 |   1083 |     21 |     48 |    843 |   2 |  552.0 |
               +--------+--------+--------+--------+--------+-----+--------+

Top non-repeatable levels by time:
     D:1: 997 daAuts
     D:2: 106 daAuts
